 Dungeon Crawl Stone Soup version 0.17.0-24-gcfadda4 (webtiles) character file.

468 oplop the Changer (level 6, -2/28 HPs)
             Began as a Felid Transmuter on Nov 15, 2015.
             Succumbed to a water moccasin's poison
             ... on level 6 of the Dungeon.
             The game lasted 00:17:41 (6271 turns).

oplop the Changer (Felid Transmuter)                Turns: 6271, Time: 00:17:42

Health: -2/28      AC:  2    Str:  8    XL:     6   Next: 81%
Magic:  12/14      EV: 21    Int: 15    God:
Gold:   165        SH:  0    Dex: 21    Spells: 4 memorised, 5 levels left
                                        Lives:  0   Deaths: 2

rFire  . . .     SeeInvis +       - Unarmed
rCold  + . .     Clarity  .     (armour unavailable)
rNeg   + . .     SustAt   .     (shield unavailable)
rPois  x         Gourm    .     (helmet unavailable)
rElec  .         Spirit   .     (cloak unavailable)
rCorr  .         Warding  .     (gloves unavailable)
rMut   .         Stasis   .     (boots unavailable)
MR     .....                    (no amulet)
Stlth  ++........               g - ring of protection from cold
                                s - ring of positive energy

@: lethally poisoned (-2 -> -55), spider-form, not resistant to hostile
enchantments, unstealthy
A: no armour, no weapons or thrown items, (claws 0), (fangs 0), see invisible,
carnivore 3, (speed 0), (shaggy fur 0), slow metabolism 1, (sharp paws)
a: End Transformation


You were on level 6 of the Dungeon.
You were not hungry.
You were a venomous arachnid creature.
You visited 2 branches of the dungeon, and saw 8 of its levels.

You collected 165 gold pieces.

Inventory:

Jewellery
 g - a ring of protection from cold (right front leg)
 q - an uncursed ring of teleportation
 s - a ring of positive energy (left front leg)
Scrolls
 e - a scroll of random uselessness {unknown}
 j - 3 scrolls of enchant armour {unknown}
 l - a scroll of noise
 r - a scroll of immolation
 v - 6 scrolls of identify
 w - a scroll of enchant weapon {unknown}
 y - a scroll of blinking {unknown}
Potions
 a - a potion of might
 d - 2 potions of resistance {unknown}
 f - 6 potions of brilliance
 h - 4 potions of degeneration
 i - 5 potions of curing
 n - 2 potions of magic
 o - 2 potions of heal wounds {unknown}
 p - a potion of mutation {unknown}
 t - a potion of flight {unknown}
 u - a potion of poison {unknown}
 x - a potion of agility {unknown}
Books
 b - a book of Changes

   Spells                             Type                      Level
   a - Beastly Appendage              Transmutation                1
   b - Sticks to Snakes               Transmutation                2
   c - Spider Form                    Transmutation/Poison         3
   d - Ice Form                       Ice/Transmutation            4
   e - Blade Hands                    Transmutation                5
Comestibles
 c - 4 meat rations
 k - 2 slices of pizza
 m - a beef jerky
 z - 2 chunks of flesh


   Skills:
 + Level 3.8 Fighting
 - Level 2.6 Dodging
 - Level 3.0 Unarmed Combat
 + Level 5.2 Spellcasting
 + Level 6.3 Transmutations
 + Level 2.4 Ice Magic
 - Level 3.0 Poison Magic


You had 5 spell levels left.
You knew the following spells:

 Your Spells              Type           Power        Failure   Level  Hunger
a - Beastly Appendage     Trmt           ###...       6%          1    None
b - Sticks to Snakes      Trmt           ###.......   8%          2    ##.....
c - Spider Form           Trmt/Pois      ###.......   24%         3    ###....
d - Ice Form              Ice/Trmt       ###.....     50%         4    ####...


Dungeon Overview and Level Annotations

Branches:
Dungeon (7/15)             Temple (1/1) D:5

Altars:
Ashenzari
Cheibriados
Dithmenos
Elyvilon
Fedhas
Gozag
Kikubaaqudgha
Makhleb
Nemelex Xobeh
Okawaru
Qazlal
Ru
Sif Muna
Trog
Vehumet
Xom
Yredelemnul
Zin
The Shining One

Annotations:
D:5 Grinder; M4edhros's ghost, amateur OpCK
D:6 Menkaure
D:7 Rememberthe6billion's ghost, novice DEMo


Innate Abilities, Weirdness & Mutations

You cannot wear armour.
You are incapable of wielding weapons or throwing items.
((You have sharp claws.))
((You have razor-sharp teeth.))
You have supernaturally acute eyesight.
You are carnivorous and can eat meat at any time.
((You cover ground quickly.))
((You are covered in thick fur (AC +2).))
You have a slow metabolism.
((Your sharp claws are effective at attacking unaware monsters.))


Message History

The water moccasin poisons you!
You hit the water moccasin.
The water moccasin is heavily wounded.
You feel sick. The water moccasin misses you.
The water moccasin closely misses you.
You hit the water moccasin.
The water moccasin is severely wounded.
You feel sick. The water moccasin bites you.
You are more poisoned.
The water moccasin poisons you!
You barely miss the water moccasin.
The water moccasin is severely wounded.
* * * LOW HITPOINT WARNING * * *
You feel very sick. The water moccasin barely misses you.
You hit the water moccasin.
You kill the water moccasin!
* * * LOW HITPOINT WARNING * * *
You feel very sick.
You die...

#############
.......s....#
###########.#
#.############
#.#...........
#.#.########## #.#.#
#########.#.#
#........<..########
#######.#######..........#


There were no monsters in sight!

Vanquished Creatures
  Eustachio (D:6)
  A sky beast (D:6)
  A water moccasin (D:6)
  2 ogres (D:4)
  A giant frog (D:6)
  2 scorpions
  A crimson imp (D:5)
  2 giant frog skeletons
  A centaur skeleton (D:4)
  3 hounds
  An orc priest (D:6)
  3 worker ants
  2 orc wizards (D:3)
  A hound skeleton (D:6)
  2 adders
  An adder skeleton (D:5)
  A worm (D:5)
  2 giant geckos
  15 orcs
  2 ball pythons
  3 giant cockroaches
  3 hobgoblins
  3 jackals (D:6)
  2 quokkas
  7 bats
  A giant gecko skeleton (D:3)
  4 giant newts
  4 goblins
  6 kobolds
  9 rats
87 creatures vanquished.

Vanquished Creatures (collateral kills)
  3 adders (D:2)
  3 orcs (D:3)
  A giant cockroach (D:2)
7 creatures vanquished.

Grand Total: 94 creatures vanquished

Notes
Turn   | Place    | Note
--------------------------------------------------------------
     0 | D:1      | oplop the Felid Transmuter began the quest for the Orb.
     0 | D:1      | Reached XP level 1. HP: 9/9 MP: 4/4
   287 | D:1      | Reached XP level 2. HP: 4/12 MP: 4/6
   825 | D:2      | Learned a level 2 spell: Sticks to Snakes
   952 | D:2      | Reached XP level 3. HP: 12/16 MP: 2/7
  2194 | D:3      | Learned a level 3 spell: Spider Form
  2252 | D:2      | Reached XP level 4. HP: 6/20 MP: 6/9
  2414 | D:3      | Noticed a scorpion
  2420 | D:3      | Killed a scorpion
  2420 | D:3      | Reached skill level 1 in Poison Magic
  2656 | D:3      | Found a glowing silver altar of Zin.
  2670 | D:3      | Reached XP level 5. HP: 23/23 MP: 10/10
  2860 | D:3      | Reached skill level 4 in Transmutations
  3009 | D:4      | Noticed M4edhros's ghost (amateur OpCK)
  3267 | D:4      | Noticed an ogre
  3316 | D:4      | Killed an ogre
  3316 | D:4      | Gained mutation: You are covered in thick fur (AC +2). [Felid growth]
  3316 | D:4      | Reached XP level 6. HP: 27/27 MP: 2/13
  3777 | D:4      | Noticed an ogre
  3789 | D:4      | Killed an ogre
  3833 | D:5      | Entered Level 5 of the Dungeon
  3895 | D:5      | HP: 1/27 [scorpion (8)]
  3897 | D:5      | Reached skill level 5 in Transmutations
  3897 | D:5      | Reached XP level 7. HP: 13/30 MP: 14/14
  4085 | D:5      | Noticed Grinder
  4297 | D:6      | Learned a level 4 spell: Ice Form
  4460 | D:6      | Noticed Eustachio
  4512 | D:5      | Found a staircase to the Ecumenical Temple.
  4635 | Temple   | Entered the Ecumenical Temple
  5006 | D:6      | HP: 1/31 [sky beast (5)]
  5006 | D:6      | Slain by a sky beast
  5007 | D:6      | Reached XP level 6. HP: -4/28 MP: 14/14
  5015 | D:6      | Reached skill level 1 in Ice Magic
  5184 | D:6      | Noticed Menkaure
  5271 | D:6      | Reached XP level 7. HP: 24/31 MP: 12/15
  5627 | D:7      | Noticed Rememberthe6billion's ghost (novice DEMo)
  6033 | D:6      | Reached skill level 5 in Spellcasting
  6185 | D:6      | Killed Eustachio
  6185 | D:6      | Reached skill level 6 in Transmutations
  6243 | D:5      | Paralysed by Grinder for 7 turns
  6247 | D:5      | Slain by Grinder
  6248 | D:5      | Reached XP level 6. HP: 0/28 MP: 14/14
  6271 | D:6      | Succumbed to a water moccasin's poison

Action                   |  1- 3 |  4- 6 |  7- 9 || total
-------------------------+-------+-------+-------++-------
Melee: Unarmed           |   124 |   134 |   103 ||   361
 Cast: Beastly Appendage |    16 |    12 |     2 ||    30
       Sticks to Snakes  |    12 |       |       ||    12
       Spider Form       |       |     7 |    11 ||    18
  Use: Scroll            |       |     9 |       ||     9
       Potion            |       |     1 |     1 ||     2
 Stab: Sleeping          |     1 |     4 |     1 ||     6
  Eat: Chunk             |     7 |     9 |    10 ||    26
